 Dungeon Sprint DCSS version 0.29-a0-834-g1e95ca9f62 (webtiles) character file.

Game seed: 14315134272575304046

35 mhtbhm the Covered (level 3, 0/36 HPs)
             Began as a Minotaur Fighter on July 12, 2022.
             Slain by a water elemental (15 damage)
             ... in the Dungeon (Sprint III: "The Ten Rune Challenge").
             The game lasted 00:00:20 (221 turns).

mhtbhm the Covered (Minotaur Fighter)                Turns: 221, Time: 00:00:20

Health: 0/36       AC:  7    Str: 22    XL:     3   Next: 17%
Magic:  2/2        EV:  9    Int:  5    God:
Gold:   13         SH:  5    Dex:  9    Spells: 2/2 levels left

rFire   . . .      SeeInvis .   a - +0 war axe
rCold   . . .      Faith    .   c - +0 buckler
rNeg    . . .      Spirit   .   b - +0 scale mail
rPois   .          Reflect  .   (helmet restricted)
rElec   .          Harm     .   (no cloak)
rCorr   .          Rampage  .   (no gloves)
Will    .....      NoTele   +   (no boots)
Stlth   ..........              (no amulet)
HPRegen 0.12/turn               (no ring)
MPRegen 0.08/turn               (no ring)

@: engulfed (cannot breathe)
A: horns 2, retaliatory headbutt
a: no special abilities


You were in the Dungeon.
You visited 1 branch You collected 13 gold pieces.

Inventory:

Hand Weapons
 a - a +0 war axe (weapon)
Armour
 b - a +0 scale mail (worn)
 c - a +0 buckler (worn)
Scrolls
 j - a scroll of blinking
Potions
 d - a potion of might
 e - a potion of curing
 g - a potion of haste
 h - 2 potions of magic
 i - a potion of berserk rage


   Skills:
 + Level 5.4 Fighting
 + Level 3.4 Axes
 + Level 5.5 Armour
 + Level 5.5 Shields


You had 2 spell levels left.
You didn't know any spells.
Your spell library was empty.

Dungeon Overview and Level Annotations

Branches:
Dungeon (1/1)

Altars:


Innate Abilities, Weirdness & Mutations

You have a pair of horns on your head.
You reflexively headbutt those who attack you in melee.


Message History

You closely miss the wolf. You headbutt the wolf.
The wolf is severely wounded.
The wolf splashes around in the water.
You block the wolf's attack. The wolf bites you.
You barely miss the wolf.
The wolf is severely wounded.
The wolf bites you. The wolf closely misses you. You furiously retaliate!
You headbutt the wolf.
You kill the wolf!
You have reached level 3!
Your experience leads to an increase in your attributes!
Increase (S)trength, (I)ntelligence, or (D)exterity?
You feel stronger. x2
As you open the door, it creaks loudly!
A water elemental comes into view.
Unknown command.
The water elemental hits you.
The water elemental engulfs you in water!
There is an open door to the Ecumenical Temple here.
You hit the water elemental.
The water elemental is lightly damaged.
Your lungs strain for air!
The water elemental hits you. The water elemental hits you!
You are too injured to fight recklessly!
You are too injured to fight recklessly!
You are too injured to fight recklessly!
Unknown command.
You slip free of the water engulfing you.
You gasp with relief as air once again reaches your lungs.
You feel much better. The water elemental hits you.
The water elemental engulfs you in water!
You completely miss the water elemental.
The water elemental is lightly damaged.
Your lungs strain for air!
The water elemental hits you.
Unknown command.
You slip free of the water engulfing you.
Your lungs strain for air!
The water elemental hits you!
You die...

▓▓▓ ▓▓▓ <.# ... ♣.# ..#
#..... ♣♣.# #'####.....
♣..#
.....#....≈.♣♣♣..###+#+##
.....#...≈≈♣♣..♣@#.......
....)#..≈≈≈≈..♣♣.E.⌠.....
####'#..≈≈≈≈≈≈♣♣.#...####
....†#.≈≈≈≈≈≈....#.⌠.#
.....#.≈≈≈≈≈.....#...#
.....#.≈≈≈.......#+###
'#####...........#
.................#
▓▓▓▓▓▓▓▓▓▓▓▓▓▓▓▓▓▓


You could see a water elemental.

Vanquished Creatures
  A human (D)
  A wolf (D)
  An endoplasm (D)
  3 rats (D)
6 creatures vanquished.

Notes
Turn   | Place    | Note
-------+----------+-------------------------------------------
     0 | D        | mhtbhm the Minotaur Fighter began the quest for the Orb.
     0 | D        | Reached XP level 1. HP: 19/19 MP: 0/0
    82 | D        | Reached skill level 5 in Fighting
    82 | D        | Reached skill level 5 in Armour
    82 | D        | Reached skill level 5 in Shields
    82 | D        | Reached XP level 2. HP: 23/29 MP: 1/1
   156 | D        | Reached XP level 3. HP: 29/36 MP: 2/2
   215 | D        | Noticed a water elemental
   221 | D        | Slain by a water elemental

Illustrated notes

Levels and vault maps discovered:
D:        dungeon_sprint_mu [sprint_mu_entry_forest, sprint_mu_temple_rooms,
          sprint_mu_d1_spiders, sprint_mu_d2_genie, sprint_mu_d3_branching,
          sprint_mu_orc_legion, sprint_mu_elf_gauntlet, sprint_mu_hive_nellie,
          sprint_mu_lair_fedhas, sprint_mu_vaults_butterflies,
          sprint_mu_slime_circle, sprint_mu_swamp_cave, sprint_mu_shoals_archi,
          sprint_mu_blade_basic, sprint_mu_crypt_chambers,
          sprint_mu_tomb_spiral, sprint_mu_vestibule_basic,
          sprint_mu_gehenna_hellfire, sprint_mu_dis_giant,
          sprint_mu_tartarus_statrot, sprint_mu_cocytus_islands, sprint_mu_zot1]

Skill      XL: |  1 |
---------------+----+-----
Fighting       | 5 |  5.4
Armour         | 5 |  5.5
Shields        | 5 |  5.5
Axes           | 3 |  3.4

Action                   || total
-------------------------++-------
Melee: War axe           ||    15
       Headbutt          ||     2
  Use: Potion            ||     1
Armor: Scale mail        ||     3
Dodge: Dodged            ||     6
Block: Buckler           ||     2

Table legend: (Time is in decaauts)
 A = Elapsed time spent in this place.
 B = Non-inter-level travel time spent in this place.
 C = Inter-level travel time spent in this place.
 D = Time resting spent in this place.
 E = Time spent auto-exploring this place.
 F = Levels seen in this place.
 G = Mean time per level.
                   A        B        C        D        E       F      G
               +--------+--------+--------+--------+--------+-----+--------+
         Total |    226 |    226 |      0 |     65 |    124 |   1 |  226.0 |
       Dungeon |    226 |    226 |      0 |     65 |    124 |   1 |  226.0 |
               +--------+--------+--------+--------+--------+-----+--------+

Top non-repeatable levels by time:
       D: 226 daAuts
